Map: Blood Boil LE

Players

MaSa

  • Race: Terran Terran
  • Spawn Location: 11:00

Kelazhur - Winner!

  • Race: Terran Terran
  • Spawn Location: 5:00

Event: WCS Valencia 2017

VOD

Have the link to the VOD?

Description

Time

  • Played on: July 14, 2017, 10:38 a.m.
  • Length: 11:25

All games in this series

Show
View Real Time Build Order
Export as new Build Order

MaSa Terran 

Build Orders: MMM Bio 

Get SALT Encoding   

  12  0:00  Unknown, SCV  
  13  0:12  SCV  
  14  0:17  Supply Depot  
  14  0:24  SCV  
  15  0:39  SCV, Barracks  
  16  0:45  Refinery  
  16  0:51  SCV  
  17  1:03  Barracks  
  17  1:07  SCV  
  18  1:19  SCV  
  19  1:28  Reaper  
  19  1:31  Orbital Command  
  20  1:49  Supply Depot  
  20  1:50  Reaper  
  21  1:57  SCV  
  22  2:04  Reaper  
  23  2:11  SCV  
  24  2:23  Command Center  
  24  2:24  Refinery  
  24  2:26  SCV  
  24  2:28  Marine  
  26  2:36  Marine  
  27  2:40  SCV  
  27  2:43  Factory  
  28  2:52  SCV, Marine  
  28  2:54  Marine  
  31  3:00  Supply Depot  
  31  3:22  Marine x2, SCV  
  31  3:24  Engineering Bay  
  34  3:27  Starport  
  34  3:30  Widow Mine  
  36  3:34  SCV  
  36  3:40  Marine x2  
  37  3:45  Orbital Command  
  36  3:52  Missile Turret  
  36  3:53  SCV  
  37  3:59  Factory Tech Lab  
  37  4:01  Missile Turret  
  37  4:07  Viking  
  39  4:11  SCV  
  39  4:13  Marine  
  40  4:19  SCV  
  40  4:24  Marine  
  40  4:27  Factory Tech Lab  
  40  4:28  SCV  
  41  4:32  Marine  
  39  4:43  SCV  
  39  4:47  SCV  
  39  4:53  Raven  
  39  4:55  SCV  
  39  4:59  SCV  
  43  5:00  Barracks Reactor  
  43  5:04  Barracks Tech Lab  
  43  5:07  SCV  
  43  5:11  SCV  
  43  5:12  Siege Tank  
  47  5:19  SCV  
  48  5:23  Stimpack, Marine  
  48  5:28  SCV  
  50  5:32  SCV  
  51  5:40  SCV  
  51  5:41  Marine  
  53  5:44  SCV, Supply Depot  
  53  5:46  Starport Reactor  
  53  5:47  Refinery  
  54  5:57  Supply Depot  
  54  6:04  Supply Depot  
  54  6:05  Marine x2  
  54  6:06  Siege Tank, SCV x2, Marine  
  62  6:15  Supply Depot  
  62  6:17  Barracks  
  62  6:19  SCV x2  
  62  6:23  Marine x2  
  62  6:24  Medivac  
  68  6:27  Medivac  
  68  6:32  SCV x2  
  72  6:36  Marine  
  72  6:38  Supply Depot  
  73  6:40  Siege Tank  
  73  6:44  SCV  
  73  6:46  Supply Depot  
  77  6:48  Terran Infantry Weapons Level 1  
  77  6:49  SCV  
  77  6:53  Marine  
  77  6:54  Marine x2  
  80  6:56  SCV  
  80  6:59  Medivac  
  80  7:00  Supply Depot  
  84  7:05  SCV  
  85  7:08  SCV  
  85  7:11  Barracks Reactor, Marine x2  
  88  7:17  Siege Tank, SCV  
  88  7:20  SCV  
  93  7:25  Barracks Reactor  
  93  7:28  Marine  
  93  7:29  Marine, SCV  
  96  7:31  Command Center  
  96  7:32  Marine  
  96  7:36  Viking  
  96  7:46  Marine  
  96  7:47  Marine  
  96  7:48  Missile Turret, Command Center  
  96  7:50  Marine  
  99  7:54  Supply Depot  
  99  7:56  Siege Tank  
  102  7:58  SCV  
  102  7:59  SCV  
  102  8:03  Marine  
  102  8:04  Marine x2  
  102  8:05  Marine  
  108  8:08  Marine  
  108  8:11  SCV x2  
  105  8:22  Marine  
  105  8:24  Marine  
  101  8:27  Supply Depot  
  101  8:39  Siege Tank  
  101  8:40  Marine x2  
  102  8:43  Marine x2  
  102  8:44  SCV  
  95  8:57  SCV x2  
  95  8:58  Marine x2  
  81  9:13  Barracks, Command Center  
  81  9:14  Medivac x2  
  81  9:16  Marine x2  
  85  9:19  Factory Reactor  
  85  9:23  SCV, Barracks  
  85  9:24  Barracks  
  85  9:26  Combat Shields  
  85  9:27  Marine  
  85  9:28  SCV  
  87  9:34  Marine x2  
  87  9:35  SCV  
  90  9:44  SCV, Medivac x2, Marine  
  96  9:49  Supply Depot  
  96  9:50  Supply Depot x2  
  96  9:52  Marine x2  
  98  10:02  Marine  
  98  10:03  SCV  
  99  10:09  Marine  
  99  10:10  Marine, SCV  
  99  10:11  Marine x2  
  104  10:15  Barracks Reactor  
  104  10:16  Missile Turret  
  104  10:20  Marine  
  107  10:24  Medivac  
  107  10:25  Siege Tank, Marine x2  
  107  10:26  Sensor Tower  
  107  10:27  Marine x2  
  113  10:29  Marine x2  
  113  10:33  SCV x2  
  117  10:38  Marine  
  118  10:42  Marine  
  118  10:43  Marine  
  118  10:45  Marine x2  
  118  10:46  Refinery  
  118  10:47  Marine x2, Refinery  
  122  10:55  Marine x2  
  122  10:56  Marine  
  122  11:00  Marine x2  
  122  11:03  Marine x2  
  124  11:05  Marine x2  
  124  11:07  Command Center  
Show
View Real Time Build Order
Export as new Build Order

Kelazhur Terran - Winner!

Build Orders: 1/1/1, Bio Tank, Banshee Rush 

Get SALT Encoding   

  12  0:00  Unknown, SCV  
  13  0:12  SCV  
  14  0:17  Supply Depot  
  14  0:24  SCV  
  15  0:29  Refinery  
  15  0:39  SCV  
  16  0:45  Barracks  
  16  0:51  SCV  
  16  0:56  Refinery  
  17  1:03  SCV  
  18  1:15  SCV  
  19  1:32  Orbital Command  
  19  1:35  Factory  
  19  1:37  Reaper  
  20  1:46  Supply Depot  
  20  1:58  SCV  
  21  2:09  Reaper  
  21  2:10  SCV  
  23  2:19  Hellion  
  23  2:20  Starport  
  23  2:22  SCV  
  26  2:31  Supply Depot  
  26  2:34  SCV  
  27  2:47  Hellion, Barracks Tech Lab  
  28  2:52  SCV  
  29  3:04  SCV  
  30  3:08  Banshee, Cloaking Field  
  30  3:12  Cyclone  
  36  3:17  Barracks Reactor, Supply Depot  
  36  3:23  SCV  
  37  3:38  SCV  
  36  3:44  Command Center  
  36  3:51  Raven  
  36  3:52  SCV  
  39  3:56  Marine x2  
  41  4:05  SCV  
  41  4:07  Supply Depot  
  41  4:14  Marine x2  
  41  4:20  SCV  
  41  4:21  Factory Tech Lab  
  42  4:40  Siege Tank  
  42  4:44  SCV  
  46  4:52  Starport Reactor  
  46  4:54  Barracks x2  
  46  4:56  Orbital Command  
  46  4:58  SCV  
  47  5:02  Marine  
  45  5:09  Stimpack  
  45  5:11  SCV  
  43  5:18  Siege Tank  
  46  5:21  SCV  
  46  5:23  SCV, Refinery  
  46  5:25  Marine  
  49  5:33  SCV  
  51  5:35  SCV  
  51  5:45  Marine, SCV  
  51  5:47  SCV  
  51  5:49  Marine x2  
  56  5:50  Engineering Bay  
  56  5:51  Engineering Bay  
  56  5:53  Marine x2  
  56  5:54  Siege Tank, Starport Reactor  
  61  5:58  SCV  
  61  6:01  Supply Depot  
  61  6:02  SCV  
  61  6:03  Marine  
  64  6:08  Marine  
  64  6:09  Marine  
  64  6:10  SCV  
  67  6:11  Marine  
  67  6:14  SCV  
  67  6:16  Supply Depot  
  67  6:17  Terran Infantry Weapons Level 1  
  69  6:20  Terran Infantry Armor Level 1  
  69  6:22  SCV, Marine x2  
  72  6:30  SCV  
  73  6:33  Siege Tank  
  73  6:34  SCV  
  77  6:43  Supply Depot  
  77  6:46  Command Center  
  77  6:49  Medivac x2  
  77  6:54  Marine x5  
  81  6:56  SCV  
  81  7:00  Supply Depot  
  86  7:05  SCV  
  87  7:09  Combat Shields  
  87  7:10  Supply Depot  
  87  7:12  Marine x2  
  87  7:13  Marine x3  
  91  7:19  SCV x2  
  91  7:22  Armory  
  93  7:27  Medivac  
  95  7:30  Marine x2  
  96  7:38  Marine x3  
  96  7:40  Siege Tank  
  101  7:48  Marine  
  101  7:50  Barracks  
  102  7:51  Barracks, Medivac  
  102  7:52  Marine  
  102  7:54  SCV  
  102  7:56  Marine x3  
  109  7:59  SCV  
  109  8:01  Orbital Command  
  110  8:06  Marine  
  110  8:10  Marine  
  110  8:12  Siege Tank  
  115  8:13  Marine  
  115  8:14  Marine x2  
  116  8:24  Marine, Orbital Command  
  113  8:28  Marine  
  113  8:29  Medivac  
  113  8:31  Marine x3  
  119  8:41  SCV  
  119  8:44  Siege Tank  
  120  8:49  Marine  
  120  8:50  SCV  
  115  8:58  SCV, Marine  
  115  8:59  Marine x2  
  114  9:06  Marine  
  114  9:08  Marine  
  110  9:10  Barracks Reactor x2  
  110  9:12  Medivac x2  
  110  9:14  Orbital Command  
  110  9:16  SCV x2  
  116  9:17  Marine  
  117  9:24  Marine  
  118  9:31  Marine  
  118  9:36  Marine  
  118  9:37  Marine x2  
  122  9:42  Marine  
  123  9:57  Supply Depot x2  
  123  10:00  SCV x2  
  123  10:01  Refinery x2  
  123  10:05  Barracks  
  123  10:06  Barracks  
  125  10:07  Barracks  
  125  10:09  Supply Depot  
  125  10:11  Marine x9, Command Center  
  125  10:12  Siege Tank, SCV  
  138  10:23  Medivac x2  
  142  10:29  Marine x3  
  142  10:31  Marine  
  142  10:32  Marine x5  
  151  10:36  Supply Depot  
  151  10:40  SCV  
  151  10:47  Marine x3  
  151  10:49  Siege Tank, SCV, Marine  
  156  10:50  Marine x2  
  156  10:55  Marine  
  156  10:56  Marine x2  
  157  11:06  Marine x3  
  157  11:07  Marine  
Tags
 
Add a new tag
Caveats
  • Supply blocks, unpowered buildings, or Contaminate may cause inaccurate times.
  • Supply counts are checked every 10 seconds.